 Dungeon Crawl Stone Soup version 0.31-a0-431-g88bdf31460 (webtiles) character file.

Game seed: 3686807979590940232

42 Zonian the Changeling (level 3, -10/16 HPs)
             Began as a Felid Shapeshifter on July 31, 2023.
             Killed from afar by Natasha (11 damage)
             ... with a magic dart
             ... on level 3 of the Dungeon.
             The game lasted 00:03:50 (2939 turns).

Zonian the Changeling (Felid Shapeshifter)          Turns: 2939, Time: 00:03:50

Health: -10/16     AC:  1    Str: 13    XL:     3   Next: 35%
Magic:  4/4        EV: 18    Int:  9    God:
Gold:   187        SH:  0    Dex: 16    Spells: 2/2 levels left
                                        Lives:  0   Deaths: 1

rFire   . .          .
                       - Unarmed
rCold   . . .        (shield unavailable)
rNeg    . . .        (body armour unavailable)
rPois   .            (helmet unavailable)
rElec   .            (cloak unavailable)
rCorr   .            (gloves unavailable)
SInv    +            (boots unavailable)
Will    .....        (no amulet)
Stlth   +            (no ring)
HPRegen 0.22/turn    (no ring)
MPRegen 0.09/turn

%: no passive effects
@: beast-form, quick
A: beast (slay +2), very small, claws 1, fangs 3, see invisible, speed 1, shaggy
fur 1, stealthy paws, no weapons or thrown items, no armour, multi-lived
a: Begin Untransformation


You were on level 3 of the Dungeon.
You were a hulking beast.
You visited 1 branch of the dungeon, and saw 3 of its levels.

You collected 187 gold pieces.

Inventory:

Jewellery
 l - a +6 ring of strength
Talismans
 b - a beast talisman (active)
Scrolls
 c - a scroll of vulnerability {unknown}
 d - a scroll of enchant armour {unknown}
 e - a scroll of fog {unknown}
 h - a scroll of identify
 j - a scroll of teleportation {unknown}
 k - a scroll of torment
 m - a scroll of immolation {unknown}
Potions
 a - a potion of lignification
 f - a potion of degeneration
 g - a potion of haste
 i - 2 potions of curing
 n - a potion of cancellation {unknown}


   Skills:
 + Level 2.1 Fighting
 + Level 3.8 Dodging
 + Level 3.6 Unarmed Combat
 + Level 3.8 Shapeshifting


You had 2 spell levels left.
You didn't know any spells.
Your spell library contained the following spells:

 Spells                   Type           Power      Damage    Failure   Level
 Blink                    Tloc           0%         N/A       52%         2
 Lesser Beckoning         Tloc           0%         N/A       52%         2
 Momentum Strike          Conj/Tloc      0%         3d8       52%         2
 Sublimation of Blood     Necr           0%         N/A       52%         2
 Petrify                  Tmut/Erth      0%         N/A       99%         4
 Irradiate                Conj/Tmut      0%         3d11      100%        5


Dungeon Overview and Level Annotations

Branches:
Dungeon (3/15)

Altars:

Annotations:
D:3 Natasha, Terence


Innate Abilities, Weirdness & Mutations

You are a hulking beast.
Your limbs bulge with bestial killing power. (Slay +2)
You have sharp claws.
You have razor-sharp teeth.
You have supernaturally acute eyesight. (SInv)
You cover ground quickly. (Speed+)
You are covered in fur. (AC +1)
Your paws help you pounce on unaware monsters.
You are incapable of wielding weapons or throwing items.
You cannot wear armour.
You gain extra lives every three experience levels.


Message History

You pick up a book of Spatial Translocations and begin reading...
You add the spells Blink, Momentum Strike and Lesser Beckoning to your library.
Things that are here:
a +0 whip; a kobold corpse A ball python comes into view.
The ball python hisses angrily.
You scratch the ball python.
You kill the ball python!
No target in view!
No target in view!
No target in view!
Unknown command.
A rat comes into view.
A rat is nearby!
Unknown command.
You scratch the rat but do no damage. The rat bites you.
You scratch the rat.
You kill the rat!
You see here a rat corpse.
Natasha, Servant of Life and Death comes into view.
Natasha is nearby!
Natasha hisses angrily.
Natasha stares at you and mumbles some strange words.
The magic dart hits you.
You scratch Natasha but do no damage. Natasha claws you.
You claw Natasha!
Natasha is severely wounded.
Natasha closely misses you.
You closely miss Natasha.
Natasha is severely wounded.
Natasha casts a spell at you. The magic dart hits you!
Ouch! That really hurt!
* * * LOW HITPOINT WARNING * * *
You closely miss Natasha.
Natasha is severely wounded.
Natasha casts a spell at you. The magic dart hits you!
Ouch! That really hurt!
You die...

#.)..........# #.# #.# #
#.####.......# #.# #.# # #.#
######### #.# #.# #.# #.# #.# #.#
#.# #.# ###.## #.# #.# .....####
#.###.## ........# #######.##...#
### .....##.#####..hh...###..#
#.. ..............#####.# ##)#
#.8 .....##[#### #.####.# #..
......#.# #......# ###..
..###.#.##### #.###..####o'.8 ..#
#...#.....#####.# #....†go#..
#.###.###.# #.......# ##.######..
......###.######..######..#####.8
#.#...........................#..


You could see Natasha.

Vanquished Creatures
  5 adders
  2 dart slugs (D:3)
  4 orcs (D:3)
  2 endoplasms
  2 giant cockroaches
  A hobgoblin (D:1)
  2 jackals (D:1)
  6 kobolds
  4 ball pythons
  3 bats
  3 frilled lizards
  7 rats
41 creatures vanquished.

Notes
Turn   | Place    | Note
-------+----------+-------------------------------------------
     0 | D:1      | Zonian the Felid Shapeshifter began the quest for the Orb.
     0 | D:1      | Reached XP level 1. HP: 9/9 MP: 2/2
    53 | D:1      | Found a faded altar of an unknown god.
   651 | D:1      | Reached XP level 2. HP: 6/12 MP: 3/3
  1808 | D:2      | Reached XP level 3. HP: 15/16 MP: 4/4
  2337 | D:3      | Noticed Terence
  2699 | D:3      | Reached XP level 4. HP: 19/19 MP: 5/5
  2768 | D:3      | Slain by a gnoll
  2769 | D:3      | Reached XP level 3. HP: -3/16 MP: 4/4
  2932 | D:3      | Noticed Natasha
  2939 | D:3      | Killed from afar by Natasha

Illustrated notes

Levels and vault maps discovered:
D:1:      minmay_arrival_up_and_down, layout_loops_ring, basic_ecumenical_altar,
          minmay_misc_feat_five
D:2:      layout_basic
D:3:      minmay_chambers_of_threes, layout_loops_ring, uniq_terence,
          uniq_natasha

Skill      XL: |  1  2  3 |
---------------+----------+-----
Dodging        | 3 |  3.8
Fighting       | 2 |  2.1
Unarmed Combat | |  3.6
Shapeshifting  | |  3.8

Action                     |  1- 3 |  4- 6 || total
---------------------------+-------+-------++-------
  Melee: Unarmed           |    83 |    18 ||   101
         Bite              |     4 |       ||     4
         Punch             |     3 |       ||     3
    Use: Potion            |     1 |       ||     1
         Scroll            |     3 |       ||     3
   Stab: Sleeping          |     3 |       ||     3
 Armour: Skin              |     2 |       ||     2
  Dodge: Dodged            |    50 |    12 ||    62

Table legend: (Time is in decaauts)
 A = Elapsed time spent in this place.
 B = Non-inter-level travel time spent in this place.
 C = Inter-level travel time spent in this place.
 D = Time resting spent in this place.
 E = Time spent auto-exploring this place.
 F = Levels seen in this place.
 G = Mean time per level.
                   A        B        C        D        E       F      G
               +--------+--------+--------+--------+--------+-----+--------+
         Total |   2478 |   2386 |     92 |    451 |   1567 |   3 |  826.0 |
       Dungeon |   2478 |   2386 |     92 |    451 |   1567 |   3 |  826.0 |
               +--------+--------+--------+--------+--------+-----+--------+

Top non-repeatable levels by time:
     D:1: 958 daAuts
     D:2: 923 daAuts
     D:3: 596 daAuts
